 Dungeon Crawl Stone Soup version 0.21-a0-404-g291f19a (webtiles) character file.

847 Hasart the Digger (level 7, -1/36 HPs)
             Began as a Deep Elf Earth Elementalist on Oct 27, 2017.
             Was a Follower of Sif Muna.
             Killed from afar by an orc wizard (6 damage)
             ... with a magic dart
             ... on level 5 of the Dungeon.
             The game lasted 00:10:09 (5842 turns).

Hasart the Digger (Deep Elf Earth Elementalist)     Turns: 5842, Time: 00:10:09

Health: -1/36      AC:  2    Str:  5    XL:     7   Next: 68%
Magic:  1/19       EV: 13    Int: 22    God:    Sif Muna [*.....]
Gold:   28         SH:  0    Dex: 15    Spells: 8/19 levels left

rFire    . . .     SeeInvis .   a - +0 short sword
rCold    + . .     Gourm    .   (no shield)
rNeg     . . .     Faith    .   c - +0 robe
rPois    .         Spirit   .   (helmet restricted)
rElec    .         Reflect  .   (no cloak)
rCorr    .         Harm     .   (no gloves)
MR       .....                  (no boots)
Stlth    ++........             (no amulet)
HPRegen  0.12/turn              (no ring)
MPRegen  0.16/turn              (no ring)

@: no status effects
A: horns 1, cold resistance 1, deterioration 1
a: Divine Energy, Renounce Religion


You were on level 5 of the Dungeon.
You worshipped Sif Muna.
Sif Muna was aware of your devotion.
You were not hungry.

You visited 2 branches of the dungeon, and saw 6 of its levels.

You collected 193 gold pieces.
You spent 165 gold pieces at shops.

Inventory:

Hand Weapons
 a - a +0 short sword (weapon)
Missiles
 D - 17 stones (quivered)
Armour
 c - a +0 robe (worn)
 E - a +1 buckler of fire resistance
Jewellery
 t - an uncursed ring of poison resistance {unknown}
 z - a +4 ring of strength {unknown}
Wands
 b - a wand of lightning (6/15)
 s - a wand of clouds (2/9)
 C - a wand of enslavement (8/24)
Scrolls
 f - 9 scrolls of identify {unknown}
 g - 3 scrolls of remove curse
 h - 2 scrolls of amnesia {unknown}
 l - 2 scrolls of enchant weapon {unknown}
 p - 2 scrolls of blinking {unknown}
 v - a scroll of teleportation {unknown}
 w - a scroll of recharging {unknown}
 y - a scroll of immolation {unknown}
 A - a scroll of random uselessness {unknown}
Potions
 i - a potion of mutation
 j - 2 potions of lignification {unknown}
 k - 2 potions of curing {unknown}
 m - a potion of cancellation {unknown}
 o - 2 potions of heal wounds {unknown}
 r - a potion of agility {unknown}
 u - a potion of degeneration {unknown}
 x - 2 potions of flight {unknown}
Books
 e - a book of Geomancy

   Spells                             Type                      Level
   a - Sandblast                      Earth                        1
   b - Passwall                       Transmutation/Earth          2
   c - Stone Arrow                    Conjuration/Earth            3
   d - Petrify                        Transmutation/Earth          4
   e - Lee's Rapid Deconstruction     Earth                        5
 B - a book of Minor Magic

   Spells                             Type                      Level
   a - Magic Dart                     Conjuration                  1
   b - Blink                          Translocation                2
   c - Call Imp                       Summoning                    2
   d - Slow                           Hexes                        2
   e - Conjure Flame                  Conjuration/Fire             3
   f - Mephitic Cloud                 Conjuration/Poison/Air       3
Comestibles
 d - 4 bread rations
 n - 2 meat rations
 q - 6 fruits
 F - 2 chunks of flesh


   Skills:
 - Level 2.4 Dodging
 - Level 2.4 Stealth
 * Level 1.0 Shields
 + Level 6.7 Spellcasting
 * Level 4.2 Conjurations
   Level 1.1 Transmutations
 + Level 7.3 Earth Magic


You had 8 spell levels left.
You knew the following spells:

 Your Spells              Type           Power        Failure   Level  Hunger
a - Sandblast             Erth           #####.       1%          1    None
b - Blink                 Tloc           N/A          13%         2    None
c - Lee's Rapid Deconstr  Erth           #####.....   12%         5    #####..
d - Stone Arrow           Conj/Erth      ####..       2%          3    #......


Dungeon Overview and Level Annotations

Branches:
Dungeon (5/15)             Temple (1/1) D:4

Altars:
Ashenzari
Cheibriados
Dithmenos
Elyvilon
Fedhas
Gozag
Makhleb
Nemelex Xobeh
Okawaru
Ru
Sif Muna
Trog
Vehumet
Wu Jian
Xom
Yredelemnul
Zin
The Shining One

Shops:
D:5 [*


Innate Abilities, Weirdness & Mutations

You have a pair of small horns on your head.
Your flesh is cold resistant. (rC+)
Your body sometimes deteriorates upon taking damage.


Message History

You kill the orc priest!
Sif Muna accepts your kill.
Your Shields skill increases to level 1!
The orc wizard points at you and mumbles some strange words.
The magic dart hits you!
* * * LOW HITPOINT WARNING * * *
Okay, then.
Casting: Stone Arrow
Confirm with . or Enter, or press ? or * to list all spells.
You can't see any susceptible monsters within range! (Use Z to cast anyway.)
Casting: Stone Arrow
Confirm with . or Enter, or press ? or * to list all spells.
You can't see any susceptible monsters within range! (Use Z to cast anyway.) Unknown command.
It was a potion of mutation.
You feel extremely strange. A pair of horns grows on your head!
You feel yourself wasting away.
You feel resistant to cold.
The orc wizard points at you and mumbles some strange words.
The magic dart hits you!
You die...

#.######...#...#### ##.#
.....).............# #..#
##.####.#..........# #.##
ยง...?..............# #.#
#oo...............###.#
.o######).###.....#)....#
#.......)....#.........######
..######..##.##..#####.#.....
#..##@##..# #.#.####
#..##.##..# #...# #o.##.###.#
#.### #..##.###.#####.#
#...o...........# #.#
####........###.##.# #.#
##...........###.##.##### #.#
#.......................# #.#
#.........>..........##.#


You could see an orc wizard.

Vanquished Creatures
  Menkaure (D:5)
  The ghost of IceWhale the Skirmisher, an amateur DsAK of Lugonu (D:4)
  An ogre (D:3)
  The ghost of Rhok the Skirmisher, a weakling CeWr (D:3)
  A howler monkey (D:5)
  A jelly (D:5)
  2 orc priests (D:5)
  3 orc wizards
  A centaur skeleton (D:4)
  Ijyb (D:5)
  An iguana (D:4)
  5 worker ants
  3 adders
  An ooze (D:5)
  2 worms
  3 leopard geckos
  16 orcs
  2 giant cockroaches
  A goblin (D:3)
  11 hobgoblins
  4 jackals (D:1)
  7 kobolds
  2 quokkas (D:3)
  4 bats
  2 frilled lizards
  A leopard gecko skeleton (D:4)
  8 rats
86 creatures vanquished.

Notes
Turn   | Place    | Note
-------+----------+-------------------------------------------
     0 | D:1      | Hasart the Deep Elf Earth Elementalist began the quest for the Orb.
     0 | D:1      | Reached XP level 1. HP: 10/10 MP: 6/6
   376 | D:1      | Reached XP level 2. HP: 12/15 MP: 1/8
   797 | D:2      | Reached skill level 4 in Earth Magic
  1304 | D:2      | Found a glowing silver altar of Zin.
  1384 | D:2      | Found a shattered altar of Ashenzari.
  1387 | D:2      | Reached XP level 3. HP: 18/19 MP: 8/10
  1913 | D:2      | Found a shimmering altar of Xom.
  2346 | D:3      | Learned a level 3 spell: Stone Arrow
  2446 | D:3      | Found a faded altar of an unknown god.
  2455 | D:3      | Noticed Rhok's ghost (weakling CeWr)
  2469 | D:3      | Reached XP level 4. HP: 24/24 MP: 6/12
  2515 | D:3      | Reached skill level 5 in Earth Magic
  2850 | D:3      | Noticed an ogre
  2856 | D:3      | Killed an ogre
  2856 | D:3      | Reached XP level 5. HP: 21/28 MP: 9/14
  2992 | D:3      | Killed Rhok's ghost
  2992 | D:3      | Reached skill level 5 in Spellcasting
  2992 | D:3      | Reached skill level 6 in Earth Magic
  3419 | D:4      | Found a staircase to the Ecumenical Temple.
  3560 | D:4      | Reached XP level 6. HP: 32/32 MP: 8/16
  3606 | D:5      | Entered Level 5 of the Dungeon
  3617 | D:5      | Noticed Ijyb
  3622 | D:5      | Killed Ijyb
  3826 | Temple   | Entered the Ecumenical Temple
  4004 | Temple   | Became a worshipper of Sif Muna the Loreminder
  4070 | D:5      | Noticed Menkaure
  4073 | D:5      | Killed Menkaure
  4073 | D:5      | Reached skill level 1 in Conjurations
  4166 | D:4      | Noticed IceWhale's ghost (amateur DsAK)
  4172 | D:4      | Killed IceWhale's ghost
  4192 | D:4      | Reached XP level 7. HP: 36/36 MP: 4/18
  4485 | D:4      | Reached skill level 7 in Earth Magic
  4891 | D:4      | Learned a level 5 spell: Lee's Rapid Deconstruction
  4894 | D:4      | Learned a level 2 spell: Blink
  5451 | D:5      | Reached * piety under Sif Muna
  5506 | D:5      | Found Ihoycu's Armour Boutique.
  5515 | D:5      | Bought a +1 buckler of fire resistance for 165 gold pieces
  5772 | D:5      | Found Xeniott's General Store.
  5832 | D:5      | Reached skill level 1 in Shields
  5842 | D:5      | Gained mutation: You have a pair of small horns on your head. [potion of mutation]
  5842 | D:5      | Gained mutation: Your body sometimes deteriorates upon taking damage. [potion of mutation]
  5842 | D:5      | Gained mutation: Your flesh is cold resistant. (rC+) [potion of mutation]
  5842 | D:5      | Killed from afar by an orc wizard

Vault maps used:
D:1:      matt_arrival_diagonals
D:2:      nicolae_overflow_hidden_temple, lemuel_coloured_pillars_altar,
          zin_treasury
D:3:      chequers_ecumenical_altar_simple_redux, minmay_goblin_kobold_house
D:4:      minmay_temple_entry_from_below_a, first_bread
D:5:      serial_shops, nicolae_shop_competitors_out_of_business,
          kennysheep_mini_moat, uniq_menkaure, uniq_ijyb
Temple:   regret_index_temple_generic_petals

Skill      XL: |  1  2  3  4  5  6  7 |
---------------+----------------------+-----
Earth Magic    | 4 5 6 7 |  7.3
Spellcasting   | 4 5 6 |  6.7
Conjurations   | 2 4 |  4.2
Shields        | 1 |  1.0
Dodging        | |  2.4
Stealth        | |  2.4
Transmutations | |  1.1

Action                   |  1- 3 |  4- 6 |  7- 9 || total
-------------------------+-------+-------+-------++-------
Melee: Dagger            |    41 |       |       ||    41
       Short sword       |    31 |    16 |    14 ||    61
 Cast: Sandblast         |    45 |    29 |       ||    74
       Stone Arrow       |       |    19 |    33 ||    52
       Blink             |       |       |     3 ||     3
  Use: Scroll            |       |       |     1 ||     1
       Potion            |       |       |     1 ||     1
 Stab: Sleeping          |     5 |     1 |       ||     6
  Eat: Chunk             |     5 |     4 |     7 ||    16
Armor: Robe              |    13 |     5 |     2 ||    20
Dodge: Dodged            |    58 |    19 |    13 ||    90

Table legend:
 A = Spawn XP
 B = Non-spawn XP
 C = Spawn XP percentage of total XP
 D = Spawn monster count
 E = Non-spawn monster count
 F = Spawn count percentage of total count
 G = Total turns spent on level
                    A         B        C        D         E        F      G
               +---------+---------+-------+---------+---------+-------+---------
         Total |       0 |    1211 |   0.0 |       0 |      86 |   0.0 |  5842
               +---------+---------+-------+---------+---------+-------+---------
           D:1 |       0 |      21 |   0.0 |       0 |      13 |   0.0 |   776
           D:2 |       0 |      38 |   0.0 |       0 |      13 |   0.0 |  1186
           D:3 |       0 |     239 |   0.0 |       0 |      30 |   0.0 |  1456
           D:4 |       0 |     396 |   0.0 |       0 |      15 |   0.0 |  1369
           D:5 |       0 |     517 |   0.0 |       0 |      15 |   0.0 |   853
               +---------+---------+-------+---------+---------+-------+---------
